 Dungeon Crawl Stone Soup version 0.15.2 (webtiles) character file.

11625 Huymann the Nimble (level 11, 0/142 HPs)
             Began as a Purple Draconian Berserker on Jan 1, 2019.
             Was a High Priest of Trog.
             Slain by Fannar
             ... wielding a +0 quarterstaff of freezing
              (3 damage)
             ... on Level 2 of the Orcish Mines.
             The game lasted 02:16:45 (11208 turns).

Huymann the Nimble (Purple Draconian Berserker)    Turns: 11208, Time: 02:16:45

HP   0/142       AC 12     Str 25      XL: 11   Next: 51%
MP   6/6         EV 23     Int  8      God: Trog [*****.]
Gold 711         SH  0     Dex 13      Spells:  0 memorised, 10 levels left

rFire  . . .     SeeInvis .     U - +1 trident (antimagic)
rCold  . . .     Clarity  +     (armour unavailable)
rNeg   . . .     rCorr    .     (no shield)
rPois  .         rRot     .     (helmet restricted)
rElec  .         Spirit   .     V - +1 cloak
SustAb .         Warding  .     E - +2 pair of gloves
rMut   .         Stasis   .     (no boots)
Gourm  .                        B - amulet of clarity
MR     ++...                    v - ring of protection from magic
                                o - +4 ring of evasion

@: berserking, slowed, very resistant to hostile enchantments, extremely
unstealthy
A: breathe power, unfitting armour, cold-blooded, AC +7
a: Breathe Dispelling Energy, Burn Spellbooks, Berserk, Trog's Hand, Brothers in
Arms, Renounce Religion


You were on level 2 of the Orcish Mines.
You worshipped Trog.
Trog was extremely pleased with you.
You were hungry.

You visited 3 branches of the dungeon, and saw 13 of its levels.

You collected 1059 gold pieces.
You spent 348 gold pieces at shops.

Inventory:

Hand weapons
 a - a +2 spear
 u - the +4 demon trident "Adusas" {vamp, Str+2, unknown}
   (Trog gifted it to you on level 1 of the Orcish Mines)

   It inflicts no extra harm, but heals its wielder somewhat when it strikes a
   living foe.
   It affects your strength (+2).
 x - a +6 trident
 T - a +5 hunting sling of flaming
 U - a +1 antimagic trident (weapon)
Missiles
 f - 2 needles of slowing
 l - 6 javelins of penetration
 y - 14 poisoned needles
 A - 3 javelins
 D - 2 throwing nets
 H - 8 tomahawks
 W - 13 sling bullets
 Z - a tomahawk of returning (quivered)
Armour
 E - a +2 pair of gloves (worn)
 V - a +1 cloak (worn)
Magical devices
 b - a wand of enslavement (15)
 e - a wand of enslavement (12)
 m - a wand of draining (10)
 F - a wand of enslavement (8)
 K - a wand of enslavement (11)
 N - a wand of fireball (5)
Comestibles
 c - 6 bread rations
 z - 2 slices of pizza
 G - 8 meat rations
 I - 3 rotting chunks of orc flesh
 P - 40 fruits
 Q - a rotting chunk of orc flesh
Scrolls
 i - 3 scrolls of remove curse
 n - 3 scrolls of magic mapping
 r - a scroll of blinking
 C - 2 scrolls of immolation
 L - a scroll of fear
 S - a scroll of teleportation
Jewellery
 j - an uncursed ring of fire
 o - a +4 ring of evasion (left hand)
 v - a ring of protection from magic (right hand)
 B - an amulet of clarity (around neck)
 X - a +3 ring of intelligence
 Y - an uncursed amulet of guardian spirit
Potions
 d - 2 potions of mutation
 g - 3 potions of heal wounds
 h - 2 potions of haste
 k - 3 potions of cure mutation
 p - 5 potions of curing
 q - a potion of flight {unknown}
 s - a potion of cancellation {unknown}
 t - a potion of resistance {unknown}
 w - 2 potions of restore abilities {unknown}
 M - a potion of might {unknown}
 O - a potion of porridge
 R - a potion of agility {unknown}


   Skills:
 * Level 8.3 Fighting
 + Level 7.6 Polearms
 + Level 3.0 Throwing
 * Level 12.0 Dodging
 * Level 6.8 Stealth
 * Level 4.1 Evocations


You had 10 spell levels left.
You didn't know any spells.

Dungeon Overview and Level Annotations

Branches:
Dungeon (10/15)            Temple (0/1) D:6             Orc (2/4) D:10
   Lair (1/8) D:9

Altars:
Makhleb
Qazlal
Vehumet
Yredelemnul
The Shining One
Beogh

Shops:
D:9 *

Annotations:
Orc:2 Fannar


Innate Abilities, Weirdness & Mutations

You can breathe bolts of energy.
You can dispel enchantments when you breathe energy.
Your rich purple scales are hard (AC +7).
Your body does not fit into most forms of armour.
Your cold-blooded metabolism reacts poorly to cold.


Message History

* * * LOW HITPOINT WARNING * * *
The ynoxinul gestures.
Fannar hits you with a quarterstaff of freezing.
* * * LOW HITPOINT WARNING * * *
You feel yourself slow down. Fannar freezes you.
* * * LOW HITPOINT WARNING * * *
The ice beast completely misses you. The ice beast closely misses you.
You puncture Fannar!
Fannar's magic leaks into the air.
Fannar is lightly wounded.
The ice beast hits you.
* * * LOW HITPOINT WARNING * * *
The ice beast freezes you!
* * * LOW HITPOINT WARNING * * *
The red devil misses you. The sun demon closely misses you.
The orc sorcerer gestures at you while chanting.
You resist with almost no effort.
The ice beast hits you but does no damage.
The orc skeleton misses you.
Fannar hits you with a quarterstaff of freezing.
You die...

.$o.............................
............................##..#
............<.....#.........##...
..............#..................
.............)<>....)............
...........>5))[.......#...#.....
..............#.45)%)...#..###...
...#.....$....33o..#........###.#
....#..........e@Z..........# ###
... #$....##...YYY..........####
$ ##...##............#.#.##..##
....#.............#####....#
....###...............###..## o.#
##...##...............#
##....................
##.....##.......#.#.#
#....####..........##


You could see Fannar, a sun demon, a ynoxinul, an orc sorcerer, a red devil, 3
ice beasts, 2 ufetubi and an orc skeleton.

Vanquished Creatures
  Harold (Orc:2)
  Erolcha (D:9)
  Pikel (D:9)
  Psyche (D:9)
  A komodo dragon (Lair:1)
  A fire drake (D:9)
  2 trolls
  3 yaks (Lair:1)
  A hill giant zombie (D:10)
  Eustachio (D:9)
  Grum (D:8)
  A hippogriff (D:9)
  3 wolves (D:8)
  4 wargs (D:10)
  A water moccasin (Lair:1)
  A phantom (D:4)
  A necrophage (D:9)
  8 ice beasts
  9 orc warriors
  2 sky beasts
  6 ogres
  2 crocodiles
  9 giant frogs
  6 centaurs
  4 jellies
  2 scorpions
  8 killer bees
  A hippogriff skeleton (D:8)
  3 wights (D:9)
  3 crimson imps
  7 hounds
  2 quasits
  3 goliath beetles
  14 orc priests
  A centaur skeleton (D:9)
  14 orc wizards
  7 worker ants
  3 iguanas
  A steam dragon skeleton (D:10)
  2 giant mites (D:1)
  11 adders
  3 shadow imps
  3 worms
  2 oozes
  96 orcs
  14 hobgoblins
  3 jackals (D:4)
  2 ball pythons
  14 bats
  2 giant cockroaches
  5 giant geckos
  6 giant newts
  21 goblins
  A hobgoblin zombie (D:6)
  13 kobolds
  A kobold zombie (D:5)
  An orc zombie (D:9)
  3 quokkas
  A quokka skeleton (D:7)
  15 rats
359 creatures vanquished.

Vanquished Creatures (collateral kills)
  An orc knight (Orc:1)
  3 yaks (Lair:1)
  A giant frog (Lair:1)
  An orc (Orc:1)
6 creatures vanquished.

Vanquished Creatures (others)
  A two-headed ogre (Orc:1)
  4 slaves (D:9)
  A jelly (D:9)
  A killer bee (D:9)
  A fungus (Lair:1)
8 creatures vanquished.

Grand Total: 373 creatures vanquished

Notes
Turn   | Place    | Note
--------------------------------------------------------------
     0 | D:1      | Huymann, the Draconian Berserker, began the quest for the Orb.
     0 | D:1      | Reached XP level 1. HP: 19/19 MP: 1/1
   192 | D:1      | Reached XP level 2. HP: 26/26 MP: 2/2
   590 | D:1      | Reached XP level 3. HP: 31/31 MP: 3/3
   599 | D:1      | Acquired Trog's second power
  1576 | D:2      | Found a stormy altar of Qazlal.
  1665 | D:2      | Reached XP level 4. HP: 35/38 MP: 4/4
  2016 | D:3      | Reached skill level 4 in Dodging
  2016 | D:3      | Reached skill level 1 in Stealth
  2248 | D:3      | Reached XP level 5. HP: 46/46 MP: 5/5
  2583 | D:4      | Noticed a phantom
  2652 | D:4      | Killed a phantom
  2882 | D:4      | Reached XP level 6. HP: 36/52 MP: 6/6
  2899 | D:4      | Noticed an ogre
  2908 | D:4      | Killed an ogre
  2908 | D:4      | Reached skill level 1 in Throwing
  3369 | D:4      | Noticed an ogre
  3385 | D:4      | Killed an ogre
  3385 | D:4      | Reached skill level 5 in Dodging
  3385 | D:4      | Your scales start taking on a rich purple colour.
  3385 | D:4      | Reached XP level 7. HP: 52/60 MP: 7/7
  3763 | D:4      | Acquired Trog's third power
  4007 | D:4      | Found a glowing golden altar of the Shining One.
  4022 | D:4      | Found a basalt altar of Yredelemnul.
  4023 | D:4      | Noticed a profane servitor
  4029 | D:4      | Noticed an angel
  4144 | D:5      | Entered Level 5 of the Dungeon
  4250 | D:5      | Reached skill level 6 in Dodging
  4283 | D:5      | Reached skill level 5 in Polearms
  4285 | D:5      | Reached XP level 8. HP: 67/67 MP: 8/8
  4427 | D:5      | Found a burning altar of Makhleb.
  4711 | D:5      | Reached skill level 5 in Fighting
  5119 | D:6      | Found a staircase to the Ecumenical Temple.
  5280 | D:6      | Reached skill level 7 in Dodging
  5642 | D:6      | Found a stormy altar of Qazlal.
  5643 | D:6      | Found a radiant altar of Vehumet.
  6094 | D:7      | Reached XP level 9. HP: 68/75 MP: 9/9
  6225 | D:7      | Reached skill level 8 in Dodging
  6726 | D:8      | Received a gift from Trog
  6768 | D:8      | Noticed Grum
  6794 | D:8      | Killed Grum
  6794 | D:8      | Reached skill level 9 in Dodging
  6794 | D:8      | Reached skill level 5 in Stealth
  7628 | D:8      | Received a gift from Trog
  7640 | D:8      | Reached XP level 10. HP: 84/84 MP: 9/11
  7711 | D:9      | Noticed Erolcha
  7721 | D:9      | Killed Erolcha
  7721 | D:9      | Reached skill level 10 in Dodging
  7721 | D:9      | Reached skill level 1 in Evocations
  7880 | D:9      | Found Mnonim's General Store.
  7892 | D:9      | Found a staircase to the Lair.
  7893 | D:9      | Noticed a fire drake
  7898 | Lair:1   | Entered Level 1 of the Lair of Beasts
  8369 | Lair:1   | Noticed a black mamba
  8420 | D:9      | Noticed Pikel
  8430 | D:10     | Entered Level 10 of the Dungeon
  8706 | D:10     | Found a staircase to the Orcish Mines.
  8798 | D:10     | Received a gift from Trog
  8867 | D:10     | Reached skill level 11 in Dodging
  8978 | D:9      | Noticed Psyche
  8989 | D:9      | Killed Psyche
  9163 | D:9      | Killed a fire drake
  9163 | D:9      | Reached XP level 11. HP: 85/93 MP: 16/16
  9235 | D:9      | Bought a meat ration for 60 gold pieces
  9235 | D:9      | Bought a scroll of remove curse for 36 gold pieces
  9235 | D:9      | Bought a scroll of remove curse for 36 gold pieces
  9235 | D:9      | Bought a meat ration for 60 gold pieces
  9237 | D:9      | Bought a scroll of enchant weapon for 90 gold pieces
  9239 | D:9      | Bought a potion of magic for 66 gold pieces
  9263 | D:9      | Killed Pikel
  9386 | D:9      | Noticed Eustachio
  9407 | D:9      | Killed Eustachio
  9772 | Orc:1    | Entered Level 1 of the Orcish Mines
 10122 | Orc:1    | Received a gift from Trog
 10173 | Orc:1    | Got a fine demon trident {god gift}
 10446 | Orc:1    | Found a roughly hewn altar of Beogh.
 10941 | Orc:2    | Noticed Fannar
 10957 | Orc:2    | Received a gift from Trog
 10977 | Orc:2    | Noticed Harold
 11011 | Orc:2    | Killed Harold
 11011 | Orc:2    | Reached skill level 12 in Dodging
 11194 | Orc:2    | Paralysed by an orc sorcerer for 7 turns
 11199 | Orc:2    | Noticed a sun demon
 11208 | Orc:2    | HP: 3/142 [ice beast[Fannar] (14)]
 11208 | Orc:2    | Slain by Fannar

Action                   |  1- 3 |  4- 6 |  7- 9 | 10-12 || total
-------------------------+-------+-------+-------+-------++-------
Melee: Spear             |   153 |   168 |   646 |    19 ||   986
       Trident           |       |       |       |   626 ||   626
Throw: Javelin           |       |    25 |     1 |     3 ||    29
       Stone             |       |     8 |       |       ||     8
       Tomahawk          |       |     2 |    22 |    10 ||    34
Invok: Berserk           |       |     5 |    13 |    11 ||    29
       Burn Spellbooks   |       |       |     1 |     1 ||     2
       Brothers in Arms  |       |       |       |     2 ||     2
Evoke: Wand              |       |       |     2 |     4 ||     6
  Use: Scroll            |       |     8 |    14 |    13 ||    35
       Potion            |       |     1 |       |       ||     1
 Stab: Sleeping          |       |     3 |     6 |     5 ||    14
  Eat: Chunk             |     2 |     6 |    27 |    22 ||    57
       Bread ration      |       |     1 |       |       ||     1
       Fruit             |       |       |     1 |       ||     1
       Beef jerky        |       |       |       |     1 ||     1
